 Dungeon Crawl Stone Soup version 0.29.0-4-gdea44cf6ec (webtiles) character file.

Game seed: 14568299827513877018

6 qw the Chopper (level 1, -7/18 HPs)
             Began as a Barachi Chaos Knight on Sept 6, 2022.
             Mangled by a hornet (shapeshifter) (15 damage)
             ... while paralysed by a hornet
             ... on level 1 of the Dungeon.
             The game lasted 00:00:04 (117 turns).

qw the Chopper (Barachi Chaos Knight)                Turns: 117, Time: 00:00:05

Health: -7/18      AC:  5    Str: 13    XL:     1   Next: 90%
Magic:  1/1        EV:  2    Int: 12    God:
Gold:   0          SH:  0    Dex: 11    Spells: 0/0 levels left

rFire   . . .      SeeInvis .   a - +0 hand axe (chaos)
rCold   . . .      Faith    .   (no shield)
rNeg    . . .      Spirit   .   b - +2 leather armour
rPois   .          Reflect  .   (no helmet)
rElec   .          Harm     .   (no cloak)
rCorr   .          Rampage  .   (no gloves)
Will    .....                   (no boots)
Stlth   +.........              (no amulet)
HPRegen 0.06/turn               (no ring)
MPRegen 0.07/turn               (no ring)

@: paralysed, slowed, slow
A: amphibious, slowness 1, strong legs 1, +LOS
a: Hop


You were on level 1 of the Dungeon.
You visited 1 branch of the dungeon, and saw 1 of its levels.


Innate Abilities, Weirdness & Mutations

You are amphibious.
You cover ground slowly.
You can hop short distances.
You have an extended range of vision and can be seen from far away.


   Skills:
 - Level 3.6 Fighting
 + Level 3.8 Axes
 - Level 2.4 Armour
 - Level 1.1 Dodging


You couldn't memorise any spells.
You didn't know any spells.
Your spell library was empty.

Inventory:

Hand Weapons
 a - a +0 hand axe of chaos (weapon)
Armour
 b - a +2 leather armour (worn)
Miscellaneous
 c - a piece from Xom's chessboard (15/15)

Dungeon Overview and Level Annotations

Branches:
Dungeon (1/15)

Altars:

Shops:
D:1 ?


Message History

The giant cockroach is moderately wounded.
The giant cockroach misses you.
You hit the giant cockroach but do no damage.
The giant cockroach resists with some effort.
The giant cockroach is moderately wounded.
The giant cockroach bites you.
You hit the giant cockroach but do no damage.
The giant cockroach suddenly stops moving!
The giant cockroach is moderately wounded.
The helpless giant cockroach fails to defend itself.
You hit the giant cockroach.
The giant cockroach is poisoned.
The giant cockroach is heavily wounded.
You kill the giant cockroach!
You start resting.
HP restored.
A kobold comes into view. It is wielding a +2 whip of venom.
The kobold shouts!
A frilled lizard comes into view.
107 ||| Stepping ~*~*~tactically~*~*~ (stealth).
108 ||| Stepping ~*~*~tactically~*~*~ (stealth).
The frilled lizard hisses angrily.
An endoplasm comes into view.
111 ||| Stepping ~*~*~tactically~*~*~ (stealth).
You hit the kobold but do no damage.
The kobold changes into a shapeshifter!
The shapeshifter changes into a hornet!
You closely miss the hornet. The hornet completely misses you.
You hit the hornet.
The hornet is poisoned.
The hornet is lightly wounded.
The hornet barely misses you. The hornet stings you.
You feel yourself slow down.
You closely miss the hornet.
The hornet is moderately wounded.
The hornet stings you.
You suddenly lose the ability to move!
The hornet stings you.
You feel as though you will be slow longer.
The hornet stings you!
Ouch! That really hurt!
You die...
Xom guffaws!

##################
#........)........
#.#######.#####.##
#.# #.# #.# #.# #.#
#.# #@# #.#
#.#.#y#####.##. #.#
#.#..l....l....
#.###.###.#####.J.\
#..##.# #.#
#####.##.# #.#
##.77..##.# #..
#.7PP..##.#########.
#..._P%.............


You could see a hornet shaped shifter (very poisoned) and a frilled lizard.

Vanquished Creatures
  A dart slug (D:1)
  2 giant cockroaches (D:1)
  A bat (D:1)
4 creatures vanquished.

Vanquished Creatures (others)
  A withered plant (D:1)
1 creature vanquished.

Grand Total: 5 creatures vanquished

Notes
Turn   | Place    | Note
-------+----------+-------------------------------------------
     0 | D:1      | qw the Barachi Chaos Knight began the quest for the Orb.
     0 | D:1      | Reached XP level 1. HP: 18/18 MP: 1/1
     0 | D:1      | 0 ||| qw: Version: 0.1-a-108-g9e35731
     0 | D:1      | 0 ||| qw: Game counter: 6224
     0 | D:1      | 0 ||| qw: Always use a shield: true
     0 | D:1      | 0 ||| qw: God list: Okawaru
     0 | D:1      | 0 ||| qw: Allow faded altars: false
     0 | D:1      | 0 ||| qw: Do Orc after D:15 true
     0 | D:1      | 0 ||| qw: Do second Lair branch before Depths: true
     0 | D:1      | 0 ||| qw: Lair rune preference: random
     0 | D:1      | 0 ||| qw: Plans: Normal
     0 | D:1      | 0 ||| PLANNING D:1-11
     0 | D:1      | Fell from the grace of Xom
     8 | D:1      | Found a faded altar of an unknown god.
   105 | D:1      | Found Dequl's Magic Scroll Boutique.
   107 | D:1      | 107 ||| Stepping ~*~*~tactically~*~*~ (stealth).
   108 | D:1      | 108 ||| Stepping ~*~*~tactically~*~*~ (stealth).
   111 | D:1      | 111 ||| Stepping ~*~*~tactically~*~*~ (stealth).
   113 | D:1      | Noticed a shapeshifter
   113 | D:1      | a kobold changed into a shapeshifter
   113 | D:1      | Noticed a hornet
   113 | D:1      | a shapeshifter changed into a hornet
   116 | D:1      | Paralysed by a hornet for 2 turns
   117 | D:1      | Mangled by a hornet (shapeshifter)

Levels and vault maps discovered:
D:1:      psy_arrival_whirlpool, layout_loops_ring,
          ebering_ecumenical_altar_petrified, serial_shops, shop,
          nicolae_figureground_sparkle

Action                   || total
-------------------------++-------
Melee: Hand axe          ||    15
Invok: Renounce Religion ||     1
 Stab: Paralysed         ||     1
Armor: Leather armour    ||     3
Dodge: Dodged            ||     9

Table legend:
 A = Non-vault XP
 B = Vault XP
 C = Vault XP percentage of total XP
 D = Non-vault monster count
 E = Vault monster count
 F = Vault count percentage of total count
                 A         B        C        D         E       F
            +---------+---------+-------+---------+---------+-------
      Total |       9 |       0 |   0.0 |       4 |       0 |   0.0
            +---------+---------+-------+---------+---------+-------
        D:1 |       9 |       0 |   0.0 |       4 |       0 |   0.0
            +---------+---------+-------+---------+---------+-------
